 Dungeon Crawl Stone Soup version 0.19.5 (webtiles) character file.

783 Jerry the Slasher (level 7, -1/38 HPs)
             Began as a Vine Stalker Chaos Knight on Apr 9, 2017.
             Slain by Crazy Yiuf
             ... wielding a +4 quarterstaff of chaos
              (3 damage)
             ... on level 4 of the Dungeon.
             The game lasted 00:07:51 (3160 turns).

Jerry the Slasher (Vine Stalker Chaos Knight)       Turns: 3160, Time: 00:07:51

Health: -1/38      AC:  7    Str: 20    XL:     7   Next: 86%
Magic:  0/8        EV: 11    Int: 10    God:    Xom [....*.]
Gold:   340        SH:  0    Dex: 14    Spells: 0 memorised, 6 levels left

rFire  . . .     SeeInvis .     a - +0 falchion (chaos)
rCold  . . .     Gourm    .     B - +0 ring mail of Ru's Pride {rPois Str+4}
rNeg   + . .     Faith    .     (no shield)
rPois  +         Spirit   +     (no helmet)
rElec  .         Reflect  .     (no cloak)
rCorr  .         Harm     .     (no gloves)
MR     .....                    (no boots)
Stlth  ++........               (no amulet)
                                k - ring of stealth
                                A - ring of positive energy

@: very slightly contaminated, invisible
A: fangs 2, thin metallic scales 1, dopey 1, regeneration 1, screaming 1, magic
shield, antimagic bite, no device heal 3, rot immunity
a: Renounce Religion


You were on level 4 of the Dungeon.
You worshipped Xom.
You were a beloved toy of Xom.
You were not hungry.

You visited 1 branch of the dungeon, and saw 4 of its levels.

You collected 340 gold pieces.

Inventory:

Hand Weapons
 a - a +0 falchion of chaos (weapon)
Armour
 B - the +0 ring mail of Ru's Pride (worn) {rPois Str+4}
   (You found it on level 4 of the Dungeon)

   It affects your strength (+4).
   It protects you from poison.
Jewellery
 f - an uncursed ring of see invisible
 k - a ring of stealth (right hand)
 A - a ring of positive energy (left hand)
Scrolls
 g - 3 scrolls of random uselessness {unknown}
 j - a scroll of identify
 m - 5 scrolls of noise {unknown}
 n - 2 scrolls of fear {unknown}
 q - a scroll of recharging {unknown}
 s - a scroll of amnesia {unknown}
 u - 2 scrolls of magic mapping {unknown}
 v - a scroll of teleportation {unknown}
 w - 3 scrolls of fog {unknown}
 y - a scroll of enchant weapon {unknown}
Potions
 b - a potion of cancellation {unknown}
 e - a potion of flight
 p - 2 potions of curing
 x - a potion of ambrosia {unknown}
Comestibles
 c - 3 bread rations
 h - a royal jelly
 i - 2 meat rations
 o - 5 fruits
 t - a beef jerky
 z - a slice of pizza


   Skills:
 + Level 4.7 Fighting
 * Level 6.1 Long Blades
 + Level 3.7 Armour
 - Level 0.7 Dodging


You had 6 spell levels left.
You didn't know any spells.

Dungeon Overview and Level Annotations

Branches:
Dungeon (4/15)
 Temple: D:4-7

Altars:
Cheibriados
Hepliaklqana
Nemelex Xobeh
Sif Muna

Annotations:
D:4 Crazy Yiuf


Innate Abilities, Weirdness & Mutations

You have extremely sharp teeth.
Your natural rate of healing is unusually fast.
When hurt, damage is shared between your health and your magic reserves.
Your bite disrupts and absorbs the magic of your enemies.
Potions and wands cannot restore your health.
You are immune to rotting.
You are partially covered in thin metallic scales. (AC +2)
You are dopey. (Int -2)
You occasionally shout uncontrollably at your foes.


Message History

* * * LOW HITPOINT WARNING * * *
You closely miss Crazy Yiuf. You bite Crazy Yiuf, but do no damage.
Crazy Yiuf is moderately wounded.
Crazy Yiuf hits you but does no damage.
You fade into invisibility!
You are very lightly contaminated with residual magic.
You hit Crazy Yiuf. You drain Crazy Yiuf! You bite Crazy Yiuf.
You drain his power.
You feel invigorated.
Crazy Yiuf is severely wounded.
Crazy Yiuf hits you with a quarterstaff of chaos!
* * * LOW HITPOINT WARNING * * *
Crazy Yiuf burns you.
* * * LOW HITPOINT WARNING * * *
Crazy Yiuf misses you.
You hit Crazy Yiuf but do no damage. You bite Crazy Yiuf. You drain his power.
You feel invigorated.
Crazy Yiuf is severely wounded.
Crazy Yiuf hits you with a quarterstaff of chaos.
You die... "This toy is broken."

#....# ##.# ♣PP..♣
#..# ♣♣P..♣ #### #
♣♣.♣♣ ####### #
♣♣.♣ #.....######
♣.♣♣ #..........#
♣♣.♣ #.###.####.#
♣.♣♣ #.# #.# #.#
*#@#* #.# #.# ##.#
#.g.# #.# #.###...
#...# #.# #.......
#)..# #.# #####...
##### #.## ##.# ###
#..# #.# ###.#
######..### #####
#..##
##.........###...#
#.#.##
##.#..##..####.....


You could see Crazy Yiuf (berserk).

Vanquished Creatures
  Sigmund (D:2)
  Edmund (D:4)
  Blork the orc (D:4)
  2 howler monkeys (D:4)
  A crimson imp (D:4)
  2 hounds (D:4)
  An iguana (D:4)
  3 worker ants (D:4)
  Robin (D:4)
  7 adders
  An ooze (D:1)
  2 worms
  An adder skeleton (D:4)
  3 dart slugs
  4 leopard geckos
  2 orcs (D:4)
  3 ball pythons
  3 giant cockroaches
  15 goblins
  11 hobgoblins
  8 jackals
  3 quokkas
  5 bats
  7 frilled lizards
  4 kobolds
  2 rats (D:2)
94 creatures vanquished.

Notes
Turn   | Place    | Note
-------+----------+-------------------------------------------
     0 | D:1      | Jerry the Vine Stalker Chaos Knight began the quest for the Orb.
     0 | D:1      | Reached XP level 1. HP: 11/11 MP: 2/2
   109 | D:1      | XOM: divination: detect creatures
   144 | D:1      | Reached XP level 2. HP: 12/16 MP: 3/3
   186 | D:1      | Reached skill level 3 in Long Blades
   201 | D:1      | XOM: harmless Fire miscast
   227 | D:1      | XOM: harmless Tmut miscast
   646 | D:1      | Reached XP level 3. HP: 20/20 MP: 4/4
   826 | D:2      | Noticed Sigmund
   855 | D:2      | Found a sparkling altar of Nemelex Xobeh.
  1218 | D:2      | Gained mutation: You are partially covered in thin metallic scales. (AC +2) [potion of mutation]
  1218 | D:2      | Gained mutation: You are dopey. (Int -2) [potion of mutation]
  1218 | D:2      | Gained mutation: You occasionally shout uncontrollably at your foes. [potion of mutation]
  1226 | D:2      | Killed Sigmund
  1226 | D:2      | Reached skill level 4 in Long Blades
  1226 | D:2      | Gained mutation: Your natural rate of healing is unusually fast. [Vine Stalker growth]
  1226 | D:2      | Reached XP level 4. HP: 16/25 MP: 5/5
  1226 | D:2      | Reached XP level 5. HP: 19/29 MP: 6/6
  1247 | D:2      | Found a hazy altar of Hepliaklqana.
  1376 | D:3      | Found a snail-covered altar of Cheibriados.
  1422 | D:3      | XOM: mild Air miscast
  1466 | D:3      | XOM: harmless Pois miscast
  1490 | D:3      | Reached XP level 6. HP: 33/33 MP: 7/7
  1782 | D:3      | XOM: mild Chrm miscast
  1833 | D:3      | XOM: mild Tloc miscast
  1834 | D:3      | Noticed a spatial vortex
  1949 | D:4      | Noticed Blork the orc
  1969 | D:4      | Killed Blork the orc
  1990 | D:4      | Noticed Edmund
  2025 | D:4      | Killed Edmund
  2025 | D:4      | Reached skill level 5 in Long Blades
  2062 | D:4      | Reached XP level 7. HP: 37/37 MP: 8/8
  2143 | D:4      | XOM: 5-stop teleportation journey
  2190 | D:4      | Noticed Robin
  2194 | D:4      | XOM: noise
  2197 | D:4      | Killed Robin
  2271 | D:4      | Found a runed door.
  2381 | D:4      | Found a deep blue altar of Sif Muna.
  2722 | D:4      | XOM: divination: magic mapping
  2727 | D:4      | XOM: smoke on damage
  2845 | D:4      | Got a spiked ring mail
  2846 | D:4      | Identified the +0 ring mail of Ru's Pride {rPois Str+4} (You found it on level 4 of the Dungeon)
  2894 | D:4      | Reached skill level 6 in Long Blades
  3154 | D:4      | Noticed Crazy Yiuf
  3159 | D:4      | HP: 1/38 [Crazy Yiuf/quarterstaff of chaos (1)]
  3160 | D:4      | Slain by Crazy Yiuf

Skill      XL: |  1  2  3  4  5  6  7 |
---------------+----------------------+-----
Long Blades    | 3 4 5 6 |  6.1
Fighting       | 3 4 |  4.7
Armour         | 2 3 |  3.7
Dodging        | |  0.7

Action                   |  1- 3 |  4- 6 |  7- 9 || total
-------------------------+-------+-------+-------++-------
Melee: Falchion          |    68 |    89 |   151 ||   308
       Bite              |    14 |    24 |    46 ||    84
  Use: Scroll            |     3 |       |     1 ||     4
       Potion            |     1 |       |       ||     1
 Stab: Sleeping          |       |     3 |     1 ||     4
       Paralysed         |       |     5 |       ||     5
       Confused          |       |     3 |     1 ||     4
       Petrifying        |       |       |     1 ||     1
       Petrified         |       |       |     1 ||     1
  Eat: Chunk             |     1 |     3 |     4 ||     8
Armor: Leather armour    |    14 |       |       ||    14
       Ring mail         |    10 |    24 |    62 ||    96
Dodge: Dodged            |    38 |    39 |    68 ||   145
       Rpst.: Falchion   |    10 |    11 |    25 ||    46
